 Dungeon Crawl Stone Soup version 0.23-a0-208-gb6b040f (webtiles) character file.

101 Amnesiac the Vandal (level 4, -2/32 HPs)
             Began as a Mummy Arcane Marksman on Sept 26, 2018.
             Killed from afar by Natasha (5 damage)
             ... with a magic dart
             ... on level 2 of the Dungeon.
             The game lasted 00:03:55 (1707 turns).

Amnesiac the Vandal (Mummy Arcane Marksman)         Turns: 1707, Time: 00:03:55

Health: -2/32      AC:  3    Str: 14    XL:     4   Next: 48%
Magic:  2/6        EV: 12    Int: 12    God:
Gold:   92         SH:  0    Dex: 12    Spells: 0/6 levels left

rFire    x . .     SeeInvis .   a - +0 hunting sling
rCold    + . .     Gourm    .   (no shield)
rNeg     + + +     Faith    .   e - +0 robe
rPois    ∞         Spirit   .   b - +0 helmet
rElec    .         Reflect  .   (no cloak)
rCorr    +         Harm     .   (no gloves)
MR       .....                  (no boots)
Stlth    +.........             (no amulet)
HPRegen  0.10/turn              k - ring of resist corrosion
MPRegen  0.10/turn              (no ring)

@: very slightly contaminated
A: no food or potions, fire vulnerability, cold resistance 1, negative energy
resistance 3, torment resistance, unbreathing
a: no special abilities


You were on level 2 of the Dungeon.
You were not hungry.

You visited 1 branch of the dungeon, and saw 3 of its levels.

You collected 92 gold pieces.

Inventory:

Hand Weapons
 a - a +0 hunting sling (weapon)
Missiles
 c - 44 stones
 d - 51 sling bullets (quivered)
Armour
 b - a +0 helmet (worn)
 e - a +0 robe (worn)
 g - a +0 leather armour
Jewellery
 k - a ring of resist corrosion (left hand)
Scrolls
 f - a scroll of remove curse {!r, unknown}
 h - 3 scrolls of identify {!r, unknown}
 i - a scroll of teleportation {!r, unknown}
 j - a scroll of random uselessness {!r, unknown}
 l - a scroll of enchant weapon {!r, unknown}
 m - a scroll of fog {!r, unknown}


   Skills:
 - Level 1.0 Fighting
 * Level 3.7 Slings
 - Level 1.5 Dodging
 + Level 1.7 Spellcasting
 - Level 3.0 Hexes


You couldn't memorise any spells.
You knew the following spells:

 Your Spells              Type           Power        Failure   Level  Hunger
a - Corona                Hex            #......      9%          1    N/A
b - Portal Projectile     Hex/Tloc       #.....       41%         3    N/A
e - Slow                  Hex            #.......     12%         2    N/A

Your spell library contained the following spells:

 Spells                   Type           Power        Failure   Level  Hunger
 Inner Flame              Hex/Fire       #.......     41%         3    N/A
 Cause Fear               Hex            #.........   63%         4    N/A
 Leda's Liquefaction      Hex/Erth       #.........   83%         4    N/A

Dungeon Overview and Level Annotations

Branches:
Dungeon (3/15)

Altars:

Annotations:
D:2 Natasha


Innate Abilities, Weirdness & Mutations

You do not eat or drink.
Your flesh is vulnerable to fire.
You are immune to poison.
Your flesh is cold resistant. (rC+)
You are immune to negative energy. (rN+++)
You are immune to unholy pain and torment.
You can survive without breathing.


Message History

The sling bullet hits Natasha but does no damage.
Firing (i - inventory. (/) - cycle)
d - 61 sling bullets (quivered)
Press: ? - help, Shift-Dir - straight line, f/p - Natasha
Aim: Natasha (slow, softly glowing)
You shoot a sling bullet. The sling bullet hits Natasha!
Natasha is heavily wounded.
Natasha stops glowing.
Natasha claws you.
* * * LOW HITPOINT WARNING * * *
Firing (i - inventory. (/) - cycle)
d - 60 sling bullets (quivered)
Press: ? - help, Shift-Dir - straight line, f/p - Natasha
Aim: Natasha (heavily wounded, slow)
You shoot a sling bullet.
The sling bullet closely misses Natasha.
Natasha barely misses you.
Firing (i - inventory. (/) - cycle)
d - 59 sling bullets (quivered)
Press: ? - help, Shift-Dir - straight line, f/p - Natasha
Aim: Natasha (heavily wounded, slow)
You shoot a sling bullet. The sling bullet barely misses Natasha.
Firing (i - inventory. (/) - cycle)
d - 58 sling bullets (quivered)
Press: ? - help, Shift-Dir - straight line, f/p - Natasha
Aim: Natasha (heavily wounded, slow)
You shoot a sling bullet. The sling bullet hits Natasha.
Natasha is severely wounded.
Natasha closely misses you.
Firing (i - inventory. (/) - cycle)
d - 57 sling bullets (quivered)
Press: ? - help, Shift-Dir - straight line, f/p - Natasha
Aim: Natasha (severely wounded, slow)
You shoot a sling bullet. The sling bullet barely misses Natasha.
Natasha casts a spell at you. You resist with some effort.
Firing (i - inventory. (/) - cycle)
d - 56 sling bullets (quivered)
Press: ? - help, Shift-Dir - straight line, f/p - Natasha
Aim: Natasha (severely wounded, slow)
You shoot a sling bullet. The sling bullet hits Natasha.
Natasha is severely wounded.
Natasha is no longer moving slowly.
Natasha barely misses you.
Firing (i - inventory. (/) - cycle)
d - 55 sling bullets (quivered)
Press: ? - help, Shift-Dir - straight line, f/p - Natasha
Aim: Natasha (severely wounded)
You shoot a sling bullet.
The sling bullet completely misses Natasha.
Natasha claws you.
* * * LOW HITPOINT WARNING * * *
Firing (i - inventory. (/) - cycle)
d - 54 sling bullets (quivered)
Press: ? - help, Shift-Dir - straight line, f/p - Natasha
Aim: Natasha (severely wounded)
You shoot a sling bullet. The sling bullet barely misses Natasha.
Natasha claws you.
* * * LOW HITPOINT WARNING * * *
Firing (i - inventory. (/) - cycle)
d - 53 sling bullets (quivered)
Press: ? - help, Shift-Dir - straight line, f/p - Natasha
Aim: Natasha (severely wounded)
You shoot a sling bullet. The sling bullet misses Natasha.
Natasha howls an incantation.
Natasha glows brightly for a moment.
Natasha claws you.
* * * LOW HITPOINT WARNING * * *
Firing (i - inventory. (/) - cycle)
d - 52 sling bullets (quivered)
Press: ? - help, Shift-Dir - straight line, f/p - Natasha
Aim: Natasha (severely wounded)
You shoot a sling bullet. The sling bullet barely misses Natasha.
Natasha casts a spell at you. The magic dart hits you!
You die...

.......%.....#.......#.####..##..
##....................>..##.#...#
##................####.#......###
............####..# #.......##
#.<.......).## #..####.......#
###......<.).###...(.........#
#........#.#........>......#
###..........#.#.h...........#
..#..........#.#@.......######
.........................#
........!................#
.............##..........#
...).........###.........#
.............###.........##
..#.......................#
#...##.###.#..............#
#.#.#..###.#..............#######


You could see Natasha.

Vanquished Creatures
  2 adders (D:2)
  4 gnolls (D:2)
  An ooze (D:2)
  A worm (D:2)
  A leopard gecko (D:2)
  9 bats (D:1)
  A goblin (D:1)
  6 hobgoblins
  2 ball pythons
  3 frilled lizards
  8 kobolds (D:1)
  2 rats
40 creatures vanquished.

Notes
Turn   | Place    | Note
-------+----------+-------------------------------------------
     0 | D:1      | Amnesiac the Mummy Arcane Marksman began the quest for the
                  | Orb.
     0 | D:1      | Reached XP level 1. HP: 15/15 MP: 2/2
   163 | D:1      | Reached XP level 2. HP: 21/21 MP: 4/4
   167 | D:1      | Learned a level 2 spell: Slow
   817 | D:2      | Reached XP level 3. HP: 17/26 MP: 5/5
  1204 | D:2      | Reached XP level 4. HP: 32/32 MP: 6/6
  1243 | D:2      | Learned a level 3 spell: Portal Projectile
  1420 | D:2      | Found a faded altar of an unknown god.
  1688 | D:3      | Noticed Natasha
  1707 | D:2      | Killed from afar by Natasha

Vault maps used:
D:1:      minmay_arrival_four_loops
D:2:      chequers_ecumenical_altar_grove, minmay_tree_intersection
D:3:      zin_scriptorium, fiery_altar_vehumet, portal_sewer_entry_c,
          uniq_natasha, uniq_crazy_yiuf_cottage

Skill      XL: |  1  2  3 |
---------------+----------+-----
Slings         | 2 3 |  3.7
Hexes          | 3 |  3.0
Fighting       | |  1.0
Dodging        | |  1.5
Spellcasting   | |  1.7

Action                   |  1- 3 |  4- 6 || total
-------------------------+-------+-------++-------
 Fire: Hunting sling     |   164 |    47 ||   211
 Cast: Slow              |     4 |     1 ||     5
       Corona            |     1 |     1 ||     2
Armor: Robe              |    24 |     3 ||    27
Dodge: Dodged            |    60 |    13 ||    73

Table legend:
 A = Non-vault XP
 B = Vault XP
 C = Vault XP percentage of total XP
 D = Non-vault monster count
 E = Vault monster count
 F = Vault count percentage of total count
                 A         B        C        D         E       F
            +---------+---------+-------+---------+---------+-------
      Total |     145 |       0 |   0.0 |      40 |       0 |   0.0
            +---------+---------+-------+---------+---------+-------
        D:1 |      36 |       0 |   0.0 |      25 |       0 |   0.0
        D:2 |     109 |       0 |   0.0 |      15 |       0 |   0.0
            +---------+---------+-------+---------+---------+-------
